 Dungeon Crawl Stone Soup version 0.25.1-1-g288607f5aa (webtiles) character file.

Game seed: 6027504109727252780

13711 Ijustatesigmund the Fighter (level 12, -2/90 HPs)
             Began as an Octopode Fighter on July 22, 2020.
             Was a Believer of Cheibriados.
             Slain by Quickbrownfox's ghost (10 damage)
             ... on level 12 of the Dungeon.
             The game lasted 00:21:23 (15469 turns).

Ijustatesigmund the Fighter (Octopode Fighter)     Turns: 15469, Time: 00:21:24

Health: -2/90      AC:  1    Str: 21    XL:     12   Next: 8%
Magic:  25/25      EV: 14    Int: 16    God:    Cheibriados [**....]
Gold:   764        SH: 25    Dex: 20    Spells: 11/11 levels left

rFire    + . .     SeeInvis .   a - +4 war axe (drain)
rCold    + . .     Gourm    .   l - +3 tower shield
rNeg     . . .     Faith    .   (helmet restricted)
rPois    +         Spirit   .   q - amulet of reflection
rElec    +         Reflect  +   j - ring of stealth
rCorr    +         Harm     .   p - ring of magical power
MR       .....                  v - ring of poison resistance
Stlth    ++++......             C - ring of resist corrosion
HPRegen  0.25/turn              G - ring of wizardry
MPRegen  0.19/turn              (no ring)
                                (no ring)
                                (no ring)

@: resistant, drained, very slow
A: almost no armour, stealthy swim, amphibious, 8 rings, constrict 8, camouflage
1, gelatinous body 1
a: Bend Time, Renounce Religion


You were on level 12 of the Dungeon.
You worshipped Cheibriados.
Cheibriados was pleased with you.
You were not hungry.

You visited 2 branches of the dungeon, and saw 15 of its levels.
You also visited: Sewer.

You collected 764 gold pieces.

Inventory:

Hand Weapons
 a - a +4 war axe of draining (weapon)
 A - a +0 morningstar of flaming
Missiles
 c - 5 javelins (quivered)
Armour
 l - a +3 tower shield (worn)
Jewellery
 j - a ring of stealth (left tentacle)
 o - an uncursed ring of fire
 p - a ring of magical power (right tentacle)
 q - an amulet of reflection (around mantle)
 v - a ring of poison resistance (on tentacle)
 y - an uncursed ring of ice
 C - a ring of resist corrosion (on tentacle)
 G - a ring of wizardry (on tentacle)
Wands
 u - a wand of paralysis (8)
 B - a wand of digging (4)
 D - a wand of flame (19)
 E - a wand of disintegration (30)
 F - a wand of acid (4)
Scrolls
 b - a scroll of silence
 e - 2 scrolls of amnesia
 i - a scroll of fear
 s - 2 scrolls of teleportation
 w - 8 scrolls of remove curse
 x - 7 scrolls of identify
 z - a scroll of immolation
Potions
 g - a potion of lignification
 h - 7 potions of flight
 m - a potion of curing
 n - 5 potions of brilliance
 t - a potion of stabbing
Miscellaneous
 k - a phantom mirror
Comestibles
 d - 17 rations


   Skills:
 + Level 11.3(10.5) Fighting
 + Level 11.1(10.3) Axes
 + Level 6.7(6.0) Dodging
 + Level 8.2(7.5) Shields
 + Level 6.3(5.6) Invocations


You had 11 spell levels left.
You didn't know any spells.
Your spell library contained the following spells:

 Spells                   Type           Power        Failure   Level  Hunger
 Sandblast                Erth           #.....       65%         1    ##.....
 Passwall                 Tmut/Erth      #.......     78%         2    ###....
 Stone Arrow              Conj/Erth      #.....       94%         3    ####...
 Petrify                  Tmut/Erth      #.......     100%        4    #####..
 Bolt of Magma            Conj/Fire/Erth #.........   100%        5    ######.
 Iskenderun's Battlesphe  Conj/Chrm      #.......     100%        5    ######.
 Lee's Rapid Deconstruct  Erth           #.........   100%        5    ######.
 Iron Shot                Conj/Erth      #.........   100%        6    #######
 Orb of Destruction       Conj           #.........   100%        7    #######
 Spellforged Servitor     Conj/Summ      #.........   100%        7    #######


Dungeon Overview and Level Annotations

Branches:
Dungeon (14/15)            Temple (1/1) D:5            Lair (0/6) D:11
    Orc (0/2) D:11          Sewer (visited)
 Vaults: D:13-14

Altars:
Ashenzari
Cheibriados
Dithmenos
Elyvilon
Gozag
Hepliaklqana
Kikubaaqudgha
Makhleb
Nemelex Xobeh
Okawaru
Qazlal
Ru
Sif Muna
Trog
Xom
Zin
The Shining One
Jiyva

Shops:
D:4 %

Annotations:
D:12 Quickbrownfox's ghost, journeyman DsWn
D:14 exclusion: ice statue, Azrael


Innate Abilities, Weirdness & Mutations

You cannot wear most types of armour.
You are very stealthy in the water. (Stealth+)
You are amphibious.
You can wear up to eight rings at the same time.
You can use your tentacles to constrict eight enemies at once.
Your skin changes colour to match your surroundings (Stealth+).
Your rubbery body absorbs attacks. (AC +1, EV +1)


Message History

The soul eater draws from the surrounding life force!
You block Quickbrownfox's ghost's attack.
You feel protected. The smoke demon gestures at you. Something smites you!
You block the iron imp's attack.
The big kobold looks petrified.
The soul eater completely misses you.
You block Quickbrownfox's ghost's attack.
You slash Quickbrownfox's ghost!
Your squeeze misses Quickbrownfox's ghost.
Quickbrownfox's ghost is lightly damaged.
You hit the soul eater. You hit the iron imp. The iron imp hits you.
* * * LOW HITPOINT WARNING * * *
The crimson imp puffs mist at you. The soul eater hits you!
* * * LOW HITPOINT WARNING * * *
You feel drained.
* * * LOW HITPOINT WARNING * * *
Quickbrownfox's ghost hits you!
You die...

#..# #.##.#.#....#.# #..###.###
#..# #.##.#.#..#.#.# #..# #.#
#..# #.##.#.#..#.#.# #..# #.#
#..# #.##.#(#..#.#.#####..# #.#
#..###.#....#.............###.#
#...........#.................#
##.##.......##.#...###.########
##.#.....##.##.#...# #.#
##.......##....#@5.# #.#
####.....##.####W3.# #.# ##
.).............#53.# #.# #.
#####.#....#####.KK# #.# #.
#..#.###.⌠.##K..##.# #.
#.##.##.#.#.#)K###.# #.
#.##.#...#.KKK## #.# #.
#####....#!$....'..# #.# #.
...[...###$..#..'K.# #.# #.


You could see a soul eater (summoned), a kobold demonologist (fleeing, drained),
a smoke demon (summoned), 6 big kobolds, an iron imp (summoned), Quickbrownfox's
ghost and a crimson imp (summoned).

Vanquished Creatures
  4 two-headed ogres
  2 unseen horrors
  Pikel (D:4)
  A wolf spider zombie (D:14)
  An ugly thing (D:12)
  Psyche (D:9)
  Maggie (D:9)
  3 kobold demonologists (D:12)
  4 trolls
  Grinder (D:3)
  3 hippogriffs
  A shadow (D:11)
  2 wyverns
  A basilisk (D:14)
  2 fire elementals (D:14)
  A hungry ghost (D:8)
  Menkaure (D:7)
  2 acid dragons
  A black bear (D:10)
  2 orc warriors
  A sky beast (D:8)
  A necrophage (D:9)
  2 ice beasts
  A slave (D:4)
  A phantom (D:11)
  4 ogres
  3 centaurs
  A crocodile (D:9)
  2 big kobolds
  7 bullfrogs
  4 scorpions
  A water moccasin skeleton (D:7)
  6 killer bees (D:7)
  7 howler monkeys
  3 crimson imps
  2 centaur zombies
  3 bullfrog zombies
  3 jellies
  2 quasits
  An iron imp (D:9)
  A hound (D:10)
  4 bullfrog skeletons
  2 orc priests
  An iguana (D:12)
  8 orc wizards
  Natasha (thrice) (D:3)
  8 worker ants
  A hound zombie (D:7)
  A hound skeleton (D:6)
  A worker ant zombie (D:8)
  12 gnolls
  20 adders
  3 river rats (Sewer)
  2 shadow imps
  An adder skeleton (D:5)
  3 worms
  A dart slug (D:2)
  5 leopard geckos
  18 orcs
  5 bats
  4 giant cockroaches
  4 goblins
  6 hobgoblins
  13 jackals
  27 kobolds
  8 quokkas
  4 ball pythons (Sewer)
  10 frilled lizards
  A leopard gecko zombie (D:5)
  2 quokka zombies
  30 rats
299 creatures vanquished.

Vanquished Creatures (others)
  3 slime creatures (D:14)
3 creatures vanquished.

Grand Total: 302 creatures vanquished

Notes
Turn   | Place    | Note
-------+----------+-------------------------------------------
     0 | D:1      | Ijustatesigmund the Octopode Fighter began the quest for
                  | the Orb.
     0 | D:1      | Reached XP level 1. HP: 16/16 MP: 1/1
    85 | D:1      | Reached XP level 2. HP: 21/21 MP: 2/2
   651 | D:1      | Reached XP level 3. HP: 26/26 MP: 3/3
  1381 | D:2      | Found a faded altar of an unknown god.
  1386 | D:2      | Reached XP level 4. HP: 27/33 MP: 4/4
  2080 | D:3      | Noticed Grinder
  2080 | D:3      | Paralysed by Grinder for 7 turns
  2417 | D:2      | Reached XP level 5. HP: 34/37 MP: 5/5
  2447 | D:3      | Killed Grinder
  2447 | D:3      | Reached XP level 6. HP: 35/45 MP: 6/6
  2533 | D:3      | Reached skill level 5 in Fighting
  2800 | D:3      | Found an opulent altar of Gozag.
  3178 | D:3      | Noticed Natasha
  3188 | D:3      | Killed Natasha
  3188 | D:3      | Reached XP level 7. HP: 47/50 MP: 7/7
  3310 | D:3      | Noticed Natasha
  3317 | D:3      | Killed Natasha
  3321 | D:3      | Noticed Natasha
  3329 | D:3      | Killed Natasha
  3460 | D:4      | Found a glowing drain.
  3465 | Sewer    | Entered a sewer
  3713 | Sewer    | Reached skill level 5 in Axes
  4021 | D:4      | Reached skill level 5 in Shields
  4088 | D:4      | Found a hazy altar of Hepliaklqana.
  4211 | D:4      | Noticed Pikel
  4223 | D:4      | Killed Pikel
  4223 | D:4      | Reached XP level 8. HP: 30/58 MP: 8/8
  4587 | D:4      | Found a shimmering altar of Xom.
  4590 | D:4      | Found a white marble altar of Elyvilon.
  4632 | D:4      | Found Sewk's Food Shop.
  4753 | D:5      | Entered Level 5 of the Dungeon
  4839 | D:5      | Found a staircase to the Ecumenical Temple.
  4850 | Temple   | Entered the Ecumenical Temple
  4991 | D:5      | Found a shattered altar of Ashenzari.
  5170 | D:5      | Noticed a hippogriff
  5181 | D:5      | Killed a hippogriff
  5351 | D:5      | Reached skill level 5 in Dodging
  5711 | D:5      | Found a glowing golden altar of the Shining One.
  5854 | D:6      | Reached XP level 9. HP: 58/64 MP: 9/9
  6281 | D:6      | Found a stormy altar of Qazlal.
  7147 | D:7      | Noticed Menkaure
  7160 | D:7      | Killed Menkaure
  8161 | D:8      | Reached XP level 10. HP: 49/73 MP: 10/10
  8380 | D:8      | Noticed a two-headed ogre
  8389 | D:8      | Killed a two-headed ogre
  8979 | D:8      | Found a sacrificial altar of Ru.
  8979 | D:8      | Found an iron altar of Okawaru.
  9048 | D:8      | Found a bloodstained altar of Trog.
  9050 | D:8      | Found a faded altar of an unknown god.
  9052 | D:8      | Found a faded altar of an unknown god.
  9412 | D:9      | Noticed Maggie
  9424 | D:9      | Killed Maggie
  9630 | D:9      | Noticed Psyche
  9642 | D:9      | Killed Psyche
 10404 | D:9      | Found a snail-covered altar of Cheibriados.
 10415 | D:9      | Became a worshipper of Cheibriados the Contemplative
 10883 | D:10     | Entered Level 10 of the Dungeon
 10895 | D:10     | Noticed a two-headed ogre
 10904 | D:10     | Killed a two-headed ogre
 10904 | D:10     | Reached skill level 10 in Fighting
 10904 | D:10     | Reached skill level 1 in Invocations
 11333 | D:10     | Reached XP level 11. HP: 81/81 MP: 12/12
 11388 | D:10     | Found a shadowy altar of Dithmenos.
 11429 | D:10     | Killed an unseen horror
 12061 | D:11     | Reached skill level 10 in Axes
 12125 | D:11     | Reached * piety under Cheibriados
 12260 | D:11     | You fall into a shaft and drop 3 floors!
 12265 | D:14     | Noticed Azrael
 12295 | D:14     | Killed an unseen horror
 12614 | D:14     | Noticed a two-headed ogre
 12619 | D:14     | Killed a two-headed ogre
 13296 | D:14     | Reached skill level 5 in Invocations
 13531 | D:14     | Noticed a two-headed ogre
 13542 | D:14     | Killed a two-headed ogre
 13912 | D:13     | Noticed an orb spider
 14224 | D:11     | Reached ** piety under Cheibriados
 14378 | D:11     | Found a staircase to the Orcish Mines.
 14418 | D:11     | Found a staircase to the Lair.
 14651 | D:12     | Noticed a cyan ugly thing
 14660 | D:12     | Killed a cyan ugly thing
 14971 | D:12     | Reached XP level 12. HP: 74/90 MP: 16/16
 15083 | D:12     | Found a sparkling altar of Nemelex Xobeh.
 15230 | D:12     | Found a runed translucent gate.
 15231 | D:12     | Found a runed translucent gate.
 15232 | D:12     | Found a runed translucent gate.
 15233 | D:12     | Noticed Quickbrownfox's ghost (journeyman DsWn)
 15456 | D:12     | Noticed a soul eater
 15469 | D:12     | Slain by Quickbrownfox's ghost

Illustrated notes

Levels and vault maps discovered:
D:1:      scummos_arrival_hexagon, layout_rooms
D:2:      layout_rooms, chequers_ecumenical_altar_island
D:3:      layout_rooms, grunt_gozag_breadcrumbs, kennysheep_generic_room_3,
          uniq_grinder, uniq_natasha
D:4:      layout_basic, nicolae_overflow_hidden_temple,
          nicolae_overflow_crystal_walls, portal_sewer_entry_e, first_ration,
          serial_shops, kennysheep_mini, uniq_pikel
D:5:      layout_basic, ashenzari_altar_1, minmay_temple_entry_overgrown,
          tso_altar
D:6:      layout_rooms, grunt_qazlal_clouds
D:7:      layout_cave_pods, uniq_menkaure
D:8:      layout_loops_cross, chequers_temple_overflow_minitemple
D:9:      layout_layer_cave, slow_altar_2, grunt_ogre_cave,
          chequers_serial_rivers_micro_e, uniq_maggie, uniq_psyche
D:10:     layout_cave_pools, basic_altar
D:11:     layout_basic, lair_entry_dummy, orc_0_dummy
D:12:     layout_loops_ring, basic_altar, gammafunk_ghost_nasty_kobolds,
          kennysheep_generic_room_12
D:13:     layout_rooms, david_vaults_2
D:14:     layout_loops_ring, patterned_corridor, gauntlet_entry_generic,
          minivault_16, drop_trap, uniq_azrael
Temple:   pf_slime_end_temple

Skill      XL: |  1  2  3  4  5  6  7  8  9 10 11 |
---------------+----------------------------------+-----
Axes           | 3 4 6 8 9 11 | 11.1
Fighting       | 4 5 6 7 8 10 11 | 11.3
Shields        | 4 5 6 7 8 |  8.2
Dodging        | 4 5 6 |  6.7
Invocations    | 1 6 |  6.3

Action                   |  1- 3 |  4- 6 |  7- 9 | 10-12 || total
-------------------------+-------+-------+-------+-------++-------
Melee: War axe           |    69 |    73 |   275 |   317 ||   734
       Constrict         |    17 |    25 |    58 |    44 ||   144
       Tentacles         |     7 |    19 |    47 |    75 ||   148
Throw: Javelin           |       |       |     1 |       ||     1
Evoke: Wand              |       |       |       |     4 ||     4
  Use: Scroll            |     3 |    11 |     6 |     9 ||    29
       Potion            |       |     4 |       |    17 ||    21
 Stab: Sleeping          |     4 |     4 |    16 |    14 ||    38
  Eat: Chunk             |     2 |     5 |    12 |     8 ||    27
       Ration            |       |       |     2 |     3 ||     5
Armor: Skin              |     4 |     2 |     3 |    11 ||    20
Dodge: Dodged            |    29 |    20 |    56 |    80 ||   185
Block: Kite shield       |    41 |     5 |       |       ||    46
       Tower shield      |       |    51 |   263 |   337 ||   651
       Reflection        |       |       |     7 |    15 ||    22
